 Dungeon Crawl Stone Soup version 0.30.0-29-ga12c61a403 (webtiles) character file.

Game seed: 12100473008863100002

32 monsoonserge the Magician (level 3, -4/25 HPs)
             Began as a Djinni Venom Mage on June 6, 2023.
             Killed from afar by Natasha (10 damage)
             ... with a magic dart
             ... on level 1 of the Dungeon.
             The game lasted 00:05:22 (1153 turns).

monsoonserge the Magician (Djinni Venom Mage)       Turns: 1153, Time: 00:05:22

Health: -4/25      AC:  2    Str:  7    XL:     3   Next: 45%
Gold:   34         EV: 12    Int: 18    God:
                   SH:  0    Dex: 13

rFire   + + +        g - +4 dagger
rCold   . . .        (no shield)
rNeg    . . .        f - +0 robe {rC+ rF+}
rPois   ∞            (no helmet)
rElec   .            (no cloak)
rCorr   .            (no gloves)
SInv    .            (boots unavailable)
Will    .....        (no amulet)
Stlth   ++           (no ring)
HPRegen 0.24/turn    (no ring)
MPRegen 0.00/turn

%: infuse magic (-5 HP)
@: flying, slowed, very slow
A: sickness immunity, fire resistance 2, cold vulnerability 1, float, innate
caster, HP casting, extra vitality 1
a: no special abilities


You were on level 1 of the Dungeon.
You visited 1 branch of the dungeon, and saw 2 of its levels.

You collected 73 gold pieces.
You spent 39 gold pieces at shops.

Inventory:

Hand Weapons
 g - a +4 dagger (weapon)
Missiles
 h - 2 poisoned darts
Armour
 a - a +0 robe
 c - a +0 leather armour
 f - a +0 robe of resistance (worn)
Scrolls
 d - a scroll of enchant weapon {unknown}
 e - a scroll of fog {unknown}
 k - a scroll of torment {unknown}
 l - a scroll of brand weapon {unknown}
 m - a scroll of magic mapping {unknown}
Potions
 b - a potion of magic {unknown}
 i - a potion of might {unknown}
 j - 4 potions of curing


   Skills:
 + Level 2.2 Dodging
 + Level 1.9 Stealth
 * Level 3.2 Spellcasting


You knew the following spells:

 Your Spells              Type           Power      Damage    Failure   Level
a - Sting                 Tmut/Pois      56%        1d5       4%          1
b - Poisonous Vapours     Pois/Air       28%        N/A       6%          2
c - Mephitic Cloud        Conj/Pois/Air  14%        N/A       13%         3
d - Olgreb's Toxic Radia  Pois           14%        N/A       38%         4
e - Beastly Appendage     Tmut           28%        N/A       4%          1
Your spell library was empty.

Dungeon Overview and Level Annotations

Branches:
Dungeon (2/15)

Altars:

Shops:
D:1 *!*   D:2 (

Annotations:
D:1 Natasha


Innate Abilities, Weirdness & Mutations

You are immune to sickness and miasma.
You are immune to poison.
Your flesh is very heat resistant. (rF++)
You are vulnerable to cold. (rC-)
You float through the air rather than walking.
You learn spells naturally, not from books.
Your magical power is your life essence.
You have superior vitality. (+4 MHP)


Message History

Found a spear.
There is a stone staircase leading up here.
The helpless Natasha fails to defend herself.
You puncture Natasha!
Natasha is severely wounded.
Natasha claws you!
Casting: Sting (safe; 4% risk of failure)
Confirm with . or Enter, or press ? or * to list all spells.
Aiming: Sting (safe; 4% risk of failure)
Press: ? - help, Shift-Dir - straight line, f - Natasha
Aim: Natasha (severely wounded, 64% to hit)
The sting hits Natasha.
Natasha is poisoned.
Natasha is severely wounded.
The frilled lizard hisses angrily.
Natasha claws you.
Natasha stares at you and mumbles some strange words.
You feel yourself slow down.
You fly upwards.
There is a stone staircase leading down here.
Casting: Sting (safe; 4% risk of failure)
Confirm with . or Enter, or press ? or * to list all spells.
Aiming: Sting (safe; 4% risk of failure)
Press: ? - help, Shift-Dir - straight line, f - Natasha
Aim: Natasha (almost dead, poisoned, 64% to hit)
The sting misses Natasha.
Natasha stares at you and mumbles some strange words.
You feel as though you will be slow longer.
Casting: Sting (safe; 4% risk of failure)
Confirm with . or Enter, or press ? or * to list all spells.
Aiming: Sting (safe; 4% risk of failure)
Press: ? - help, Shift-Dir - straight line, f/p - Natasha
Aim: Natasha (almost dead, poisoned, 64% to hit)
The sting hits Natasha but does no damage.
Natasha looks even sicker.
Natasha is almost dead.
Natasha claws you!
* * * LOW HITPOINT WARNING * * *
Natasha stares at you and mumbles some strange words.
The magic dart hits you!
You die...

######### #.......# #.#####.#
##### #.# #.# ....# #######.###
#.# ###.######.........# #.# #
#........##....#.###.###
###..#######.....h#.##.#.##
.....### ##...@###....#.#
.......# ##.##.#.####.##
.###.#.# #.###.## #.###### .#
#.#.# #.# ### #......# .###.#.#
##'## #.####.# .......# ##...##
#.####.# .#####.# ##.....##
#......# .###.#.# ##.......##
##.###..#
.##....###.........####.......#


You could see Natasha (very poisoned).

Vanquished Creatures
  An adder (D:2)
  A dart slug (D:1)
  2 bats (D:1)
  3 endoplasms
  A giant cockroach (D:1)
  A goblin (D:1)
  2 hobgoblins (D:1)
  4 ball pythons (D:1)
  A frilled lizard (D:1)
  3 kobolds (D:1)
  3 rats (D:1)
22 creatures vanquished.

Notes
Turn   | Place    | Note
-------+----------+-------------------------------------------
     0 | D:1      | monsoonserge the Djinni Venom Mage began the quest for the
                  | Orb.
     0 | D:1      | monsoonserge set off with the following spells memorised:
                  | Sting, Poisonous Vapours, Mephitic Cloud, Olgreb's Toxic
                  | Radiance.
     0 | D:1      | Reached XP level 1. HP: 15/15 MP: 0/0
    76 | D:1      | Found Ofe Nape's Assorted Antiques.
   306 | D:1      | Found a faded altar of an unknown god.
   313 | D:1      | Reached XP level 2. HP: 20/21 MP: 0/0
   516 | D:1      | Found Miq Hiac's Distillery.
   783 | D:1      | Found Yratiufey's Assorted Antiques.
   821 | D:1      | Reached skill level 3 in Spellcasting
   852 | D:1      | Reached XP level 3. HP: 21/25 MP: 0/0
   852 | D:1      | Learned a level 1 spell: Beastly Appendage
  1049 | D:2      | Found Xoscholua's Antique Weapon Boutique.
  1125 | D:1      | Bought a potion of curing for 39 gold pieces
  1147 | D:2      | Noticed Natasha
  1153 | D:1      | Killed from afar by Natasha

Illustrated notes

Levels and vault maps discovered:
D:1:      giann_bridges, layout_loops_corners, serial_shops,
          nicolae_shop_overgrown_old_shop, nicolae_shop_trees,
          nicolae_shop_trees, hellmonk_ecumenical_altar_zigzags
D:2:      layout_loops_ring, serial_shops, nicolae_shop_tiny_glass,
          uniq_natasha, uniq_crazy_yiuf_cottage, uniq_sigmund

Skill      XL: |  1  2 |
---------------+-------+-----
Spellcasting   | 3 |  3.2
Dodging        | |  2.2
Stealth        | |  1.9

Action                     || total
---------------------------++-------
  Melee: Dagger            ||    19
         Short sword       ||     1
   Cast: Sting             ||    31
         Poisonous Vapours ||     1
   Stab: Sleeping          ||     5
 Armour: Robe              ||     9
  Dodge: Dodged            ||    17
